 Dungeon Crawl Stone Soup version 0.31-a0-1-g4198be8af4 (webtiles) character file.

Game seed: 6836967235660742747

4323 Gargoyl the Cruncher (level 10, -13/94 HPs)
             Began as a Gargoyle Berserker on May 2, 2023.
             Was a Priest of Trog.
             Mangled by a troll (17 damage)
             ... on level 9 of the Dungeon.
             The game lasted 00:10:29 (6251 turns).

Gargoyl the Cruncher (Gargoyle Berserker)           Turns: 6251, Time: 00:10:30

Health: -13/94     AC: 25    Str: 22    XL:     10   Next: 33%
Magic:  19/19      EV:  2    Int:  7    God:    Trog [***...]
Gold:   401        SH:  0    Dex: 13    Spells: 9/9 levels left

rFire   . . .        q - +4 quarterstaff (chaos)
rCold   . . .        (shield currently unavailable)
rNeg    + . .        p - melded +0 chain mail
rPois   ∞            (helmet currently unavailable)
rElec   .            r - melded +0 cloak
rCorr   .            (gloves currently unavailable)
SInv    .            (boots currently unavailable)
Will    ++...        (no amulet)
Stlth   ++           o - +4 ring of slaying
HPRegen 1.35/turn    C - ring of magical power
MPRegen 0.16/turn

%: no passive effects
@: tree-form, strong-willed, regenerating
A: stationary, stasis, torment immunity, boosted hp, sickness immunity, AC +7,
negative energy resistance 1, (electricity resistance), torment resistance 1,
petrification resistance
a: Renounce Religion, Berserk, Trog's Hand


You were on level 9 of the Dungeon.
You worshipped Trog.
Trog was most pleased with you.
You were a tree.
You visited 1 branch of the dungeon, and saw 9 of its levels.

You collected 401 gold pieces.

Inventory:

Hand Weapons
 a - a +0 hand axe
 m - a +1 war axe of freezing
 q - a +4 quarterstaff of chaos (weapon)
Armour
 p - a +0 chain mail (melded)
 r - a +0 cloak (melded)
 u - a +0 buckler
Jewellery
 o - a +4 ring of slaying (left branch)
 C - a ring of magical power (right branch)
Wands
 b - a wand of light (11)
 k - a wand of flame (18)
 y - a wand of polymorph (14)
Scrolls
 c - 3 scrolls of teleportation
 g - 4 scrolls of poison
 x - a scroll of fog
 A - 2 scrolls of torment {unknown}
 D - a scroll of enchant armour {unknown}
Potions
 d - a potion of magic
 e - 2 potions of flight
 f - 2 potions of might
 h - a potion of invisibility {unknown}
 i - a potion of mutation {unknown}
 j - a potion of heal wounds {unknown}
 l - a potion of haste {unknown}
 n - 3 potions of lignification
 s - a potion of attraction {unknown}
 v - a potion of cancellation {unknown}
 w - a potion of berserk rage {unknown}


   Skills:
 + Level 7.3 Fighting
 + Level 6.2 Axes
 + Level 9.0 Staves
 + Level 0.6 Throwing
 + Level 7.4 Armour
 + Level 3.7 Dodging
 + Level 1.5 Stealth


You had 9 spell levels left.
You didn't know any spells.
Your spell library was empty.

Dungeon Overview and Level Annotations

Branches:
Dungeon (9/15)             Temple (0/1) D:7
   Lair: D:8-11         Orc: D:9-12

Altars:
Makhleb
Vehumet


Innate Abilities, Weirdness & Mutations

You are a tree.
Your roots penetrate the ground, keeping you stationary.
You cannot be teleported.
You are immune to unholy pain and torment.
Your maximum health is greatly increased.
Your equipment is partially melded.
You are immune to sickness and miasma.
((Your stone body is resilient. (AC +7)))
You are immune to poison.
You resist negative energy. (rN+)
((You are resistant to electric shocks. (rElec)))
You are resistant to unholy torment.
You are immune to petrification.


Message History

You feel strong-willed.
The centaur shoots an arrow.
The arrow hits you.
* * * LOW HITPOINT WARNING * * *
Throw: 2 darts (curare)
Press: ? - help, Q - select action, (/) - cycle Shift-Dir - straight line, f - centaur
Aim: a centaur, wielding a +0 shortbow (75% to hit)
You throw a curare-tipped dart.
The curare-tipped dart hits the centaur.
The centaur is poisoned.
The centaur convulses.
The centaur seems to slow down.
The centaur is moderately wounded.
Throw: dart (curare)
Press: ? - help, Q - select action, (/) - cycle Shift-Dir - straight line, f/p - centaur
Aim: a centaur, wielding a +0 shortbow (heavily wounded, very poisoned, slow, 75% to hit)
You throw a curare-tipped dart.
The curare-tipped dart hits the centaur.
The centaur looks as sick as possible!
The centaur convulses.
The centaur seems to be slow for longer.
The centaur is almost dead.
It was a potion of curing.
You feel better.
The centaur shoots an arrow.
The arrow hits you.
* * * LOW HITPOINT WARNING * * *
You swing at nothing.
You hit the troll. You freeze the troll.
The troll is severely wounded.
The troll bites you but does no damage.
The troll claws you but does no damage. x2
You hit the troll.
The troll seems to grow stronger.
The troll is severely wounded.
You kill the centaur!
Trog accepts your kill.
Your Staves skill increases to level 9!
You thump the troll!
The troll is almost dead.
The troll barely misses you. The troll completely misses you.
The troll claws you but does no damage.
You closely miss the troll.
The troll is almost dead.
The troll bites you!
* * * LOW HITPOINT WARNING * * *
The troll claws you but does no damage. The troll claws you!
You die...

#.......##..........#
##########..........#
#..........#
##.........#
##...#####
###.....###
#.)......# #........#
#...♣..=.# #...T....#
#...))...# #........#
#........# #....(...#
+....(...# #........#
#........#


You could see a troll (strong).

Vanquished Creatures
  2 two-headed ogres
  Pikel (D:4)
  Sigmund (D:3)
  A wyvern (D:5)
  An acid dragon (D:8)
  3 water moccasins
  2 orc warriors
  An ice beast (D:5)
  A sky beast (D:7)
  A black bear (D:4)
  An ogre (D:5)
  A centaur (D:9)
  Blork the orc (D:4)
  3 bullfrogs (D:7)
  6 wights (D:7)
  An electric eel (D:8)
  5 howler monkeys
  2 orc priests
  2 hounds (D:6)
  Crazy Yiuf (D:3)
  2 iguanas
  Ijyb (D:4)
  A sleepcap (D:6)
  3 orc wizards
  3 gnolls (D:6)
  12 adders
  3 shadow imps
  3 white imps
  An ufetubus (D:6)
  2 dart slugs
  12 orcs
  11 ball pythons
  5 endoplasms
  6 giant cockroaches
  6 goblins
  7 hobgoblins
  4 jackals (D:3)
  3 quokkas
  3 bats
  2 frilled lizards
  4 kobolds
  11 rats
142 creatures vanquished.

Notes
Turn   | Place    | Note
-------+----------+-------------------------------------------
     0 | D:1      | Gargoyl the Gargoyle Berserker began the quest for the Orb.
     0 | D:1      | Reached XP level 1. HP: 14/14 MP: 1/1
   171 | D:1      | Reached XP level 2. HP: 19/19 MP: 2/2
   531 | D:1      | Reached XP level 3. HP: 24/24 MP: 3/3
   902 | D:2      | Reached ** piety under Trog
  1137 | D:2      | Found a faded altar of an unknown god.
  1177 | D:2      | Reached XP level 4. HP: 27/29 MP: 4/4
  1396 | D:3      | Noticed Sigmund
  1404 | D:3      | Killed Sigmund
  1405 | D:3      | Reached XP level 5. HP: 33/33 MP: 5/5
  1405 | D:3      | Reached XP level 6. HP: 38/38 MP: 6/6
  1699 | D:3      | Found a burning altar of Makhleb.
  1784 | D:3      | Found a runed translucent door.
  1785 | D:3      | Noticed Crazy Yiuf
  1887 | D:3      | Killed Crazy Yiuf
  1960 | D:4      | Noticed Pikel
  1982 | D:4      | Killed Pikel
  1983 | D:4      | Reached skill level 5 in Axes
  1983 | D:4      | Reached skill level 1 in Staves
  1983 | D:4      | Reached XP level 7. HP: 44/44 MP: 7/7
  2274 | D:4      | Reached skill level 2 in Staves
  2274 | D:4      | Reached XP level 8. HP: 48/48 MP: 8/8
  2310 | D:4      | You fall into a shaft and drop 2 floors!
  2336 | D:5      | Entered Level 5 of the Dungeon
  2443 | D:4      | Noticed Blork the orc
  2448 | D:4      | Killed Blork the orc
  2567 | D:4      | Reached skill level 3 in Staves
  2760 | D:4      | Noticed Ijyb
  2767 | D:4      | Killed Ijyb
  2966 | D:5      | Reached skill level 5 in Armour
  3137 | D:5      | Reached skill level 5 in Fighting
  3227 | D:5      | Noticed a wyvern
  3234 | D:5      | Killed a wyvern
  3336 | D:5      | Reached skill level 4 in Staves
  3336 | D:5      | Reached skill level 1 in Stealth
  3405 | D:5      | Identified the staff of conjuration "Celoskexo" {Will+
                  | Str+4 Int-2 Dex+2 Stlth+}
  3809 | D:6      | Reached skill level 5 in Staves
  3818 | D:6      | Reached XP level 9. HP: 31/54 MP: 9/9
  3980 | D:6      | Reached *** piety under Trog
  4452 | D:7      | Reached skill level 6 in Staves
  4547 | D:7      | Found a staircase to the Ecumenical Temple.
  4872 | D:7      | Reached skill level 7 in Staves
  5427 | D:8      | Noticed a two-headed ogre
  5440 | D:8      | Killed a two-headed ogre
  5441 | D:8      | Reached skill level 8 in Staves
  5441 | D:8      | Reached XP level 10. HP: 35/63 MP: 10/10
  5923 | D:8      | Found a radiant altar of Vehumet.
  6216 | D:9      | Noticed a two-headed ogre
  6227 | D:9      | Killed a two-headed ogre
  6241 | D:9      | HP: 1/63 [centaur/arrow (5)]
  6250 | D:9      | Reached skill level 9 in Staves
  6251 | D:9      | HP: 4/94 [troll (14)]
  6251 | D:9      | Mangled by a troll

Illustrated notes

Levels and vault maps discovered:
D:1:      saegor_arrival_fortress, layout_basic
D:2:      layout_rooms, chequers_ecumenical_altar_simple, grunt_ministairs_10
D:3:      layout_rooms, mainiacjoe_overflow_tiny_flanked, uniq_sigmund,
          uniq_crazy_yiuf_cottage
D:4:      layout_basic, uniq_pikel, uniq_ijyb, uniq_blork_the_orc
D:5:      layout_loops_corners
D:6:      layout_loops_ring
D:7:      minmay_skewed_foursquare, layout_loops_ring,
          minmay_temple_entry_enclosed_plants,
          hangedman_abyss_or_decor_jellyfish_corner
D:8:      lemuel_ice_spiral_2, layout_basic, vehumet_crystals
D:9:      layout_roguey, nicolae_wu_jian_wuxing_cycle, lair_entry_dummy,
          orc_0_dummy, nicolae_rejected_hall

Skill      XL: |  1  2  3  4  5  6  7  8  9 10 |
---------------+-------------------------------+-----
Axes           | 3 4 5 6 |  6.2
Dodging        | 2 3 |  3.7
Fighting       | 4 5 7 |  7.3
Armour         | 3 4 5 7 |  7.4
Staves         | 1 2 5 8 9 |  9.0
Stealth        | 1 |  1.5
Throwing       | |  0.6

Action                     |  1- 3 |  4- 6 |  7- 9 | 10-12 || total
---------------------------+-------+-------+-------+-------++-------
  Melee: Hand axe          |   108 |       |       |       ||   108
         Punch             |     1 |       |       |       ||     1
         War axe           |    10 |    45 |     5 |       ||    60
         Quarterstaff      |       |    11 |   163 |    20 ||   194
  Throw: Dart              |       |       |     1 |     6 ||     7
 Invoke: Berserk           |     1 |     2 |     3 |       ||     6
         Trog's Hand       |       |     3 |     1 |     1 ||     5
    Use: Scroll            |     5 |     2 |     8 |     1 ||    16
         Potion            |       |       |       |     2 ||     2
 Armour: Animal skin       |    14 |       |       |       ||    14
         Ring mail         |    38 |    38 |       |       ||    76
         Chain mail        |       |    12 |    98 |    19 ||   129
         Skin              |       |       |       |     6 ||     6
  Dodge: Dodged            |    98 |    55 |    84 |     8 ||   245

Table legend: (Time is in decaauts)
 A = Elapsed time spent in this place.
 B = Non-inter-level travel time spent in this place.
 C = Inter-level travel time spent in this place.
 D = Time resting spent in this place.
 E = Time spent auto-exploring this place.
 F = Levels seen in this place.
 G = Mean time per level.
                   A        B        C        D        E       F      G
               +--------+--------+--------+--------+--------+-----+--------+
         Total |   6340 |   6111 |    229 |      0 |   4813 |   9 |  704.4 |
       Dungeon |   6340 |   6111 |    229 |      0 |   4813 |   9 |  704.4 |
               +--------+--------+--------+--------+--------+-----+--------+

Top non-repeatable levels by time:
     D:8: 938 daAuts
     D:7: 925 daAuts
     D:5: 889 daAuts
     D:4: 887 daAuts
     D:1: 879 daAuts
     D:6: 658 daAuts
     D:3: 565 daAuts
     D:2: 544 daAuts
     D:9: 53 daAuts
